 Dungeon Crawl Stone Soup version 0.30-a0-457-g4b7bca3bfa (webtiles) character file.

Game seed: 1641509588712936803

571 vineage the Trooper (level 7, 0/75 HPs)
             Began as an Ogre Fighter on Dec 12, 2022.
             Slain by Duvessa
             ... wielding a +0 short sword
              (16 damage)
             ... on level 5 of the Dungeon.
             The game lasted 00:04:27 (3350 turns).

vineage the Trooper (Ogre Fighter)                  Turns: 3350, Time: 00:04:27

Health: 0/75       AC:  4    Str: 29    XL:     7   Next: 34%
Magic:  7/7        EV: 11    Int:  9    God:
Gold:   192        SH:  0    Dex: 14    Spells: 6/6 levels left

rFire   . . .      SeeInvis .    s - +0 giant spiked club
rCold   . . .      Faith    .    (shield currently unavailable)
rNeg    . . .      Spirit   .    b - +0 robe
rPois   .          Reflect  .    (helmet restricted)
rElec   .          Harm     .    l - +0 cloak
rCorr   .          Rampage  .    (gloves unavailable)
Will    .....                    (boots unavailable)
Stlth   +.........               (no amulet)
HPRegen 0.32/turn                q - +6 ring of dexterity
MPRegen 0.10/turn                u - +6 ring of strength

@: no status effects
A: large, unfitting armour, tough skin 1
a: no special abilities


You were on level 5 of the Dungeon.
You visited 1 branch of the dungeon, and saw 5 of its levels.

You collected 192 gold pieces.

Inventory:

Hand Weapons
 a - a +0 flail
 m - a +2 mace of draining
 s - a +0 giant spiked club (weapon)
Armour
 b - a +0 robe (worn)
 c - a +0 kite shield
 l - a +0 cloak (worn)
Jewellery
 i - an amulet of faith
 q - a +6 ring of dexterity (left hand)
 r - a ring of resist corrosion
 u - a +6 ring of strength (right hand)
Wands
 p - a wand of roots (13)
Scrolls
 h - a scroll of blinking
 n - a scroll of fog
Potions
 d - a potion of might
 f - a potion of berserk rage
 g - 4 potions of curing
 j - a potion of attraction {unknown}
 k - 3 potions of brilliance {unknown}
 o - a potion of ambrosia {unknown}


   Skills:
 + Level 6.1 Fighting
 * Level 4.8 Maces & Flails
 + Level 4.2 Dodging
 - Level 4.1 Shields


You had 6 spell levels left.
You didn't know any spells.
Your spell library contained the following spells:

 Spells                   Type           Power      Damage    Failure   Level
 Shock                    Conj/Air       0%         1d3       38%         1
 Cigotuvi's Dreadful Rot  Necr/Pois/Air  0%         N/A       52%         2
 Poisonous Vapours        Pois/Air       0%         N/A       52%         2
 Mephitic Cloud           Conj/Pois/Air  0%         N/A       77%         3
 Swiftness                Air            0%         N/A       77%         3
 Airstrike                Air            0%         2d(0-16)  99%         4


Dungeon Overview and Level Annotations

Branches:
Dungeon (5/15)
 Temple: D:4-7

Altars:
Ashenzari
Xom

Annotations:
D:5 Duvessa


Innate Abilities, Weirdness & Mutations

You are too large for most types of armour.
You have tough skin. (AC +1)


Message History

Dowan hits you with a +0 dagger. Dowan barely misses you.
Duvessa, Sister of Dowan comes into view.
She is wielding a +0 short sword and carrying a wand of flame (23).
You are too injured to fight recklessly!
You are too injured to fight recklessly!
You are too injured to fight recklessly!
You are too injured to fight recklessly!
You are too injured to fight recklessly!
You are too injured to fight recklessly!
You are too injured to fight recklessly!
You are too injured to fight recklessly!
You are too injured to fight recklessly!
You are too injured to fight recklessly!
You are too injured to fight recklessly!
You are too injured to fight recklessly!
You are too injured to fight recklessly!
You are too injured to fight recklessly!
You are too injured to fight recklessly!
You are too injured to fight recklessly!
Duvessa shouts!
You impale Dowan!!
You kill Dowan!
Duvessa screams, "No!
How DARE you!"
Duvessa goes berserk!
Duvessa rages.
You feel much better.
You hit Duvessa but do no damage.
Duvessa hits you with a +0 short sword! x2
You barely miss Duvessa. Duvessa hits you with a +0 short sword.
Duvessa hits you with a +0 short sword!
You are too injured to fight recklessly!
You hit Duvessa but do no damage.
Duvessa hits you with a +0 short sword. x2
Duvessa hits you with a +0 short sword!
* * * LOW HITPOINT WARNING * * *
You feel better. Duvessa hits you with a +0 short sword!
* * * LOW HITPOINT WARNING * * *
You feel better. Duvessa hits you with a +0 short sword.
* * * LOW HITPOINT WARNING * * *
Duvessa hits you with a +0 short sword.
* * * LOW HITPOINT WARNING * * *
You feel better. Duvessa hits you with a +0 short sword!
You die...

.................#.#
...............#...#
...............#..##
..............##..########
.......#..................
..............#.#..######
.....#.#.....##.##..## ...
#...#..###)###..###### #
###...e..#@####..#...##
#(..#).e..# ##......##
#..####...####.......#
#............#.......#
...#..................####
..............#.......##...
##..##.................##...
... #.........##...........
..........##.......#...


You could see Duvessa (berserk).

Vanquished Creatures
  2 ogres (D:4)
  A phantom (D:5)
  Dowan (D:5)
  A hound (D:4)
  An iguana (D:4)
  2 orc wizards (D:3)
  6 adders
  An ufetubus (D:5)
  2 worms
  3 dart slugs
  8 orcs
  3 endoplasms
  4 giant cockroaches
  18 goblins
  7 hobgoblins
  4 quokkas
  10 ball pythons
  6 bats
  2 frilled lizards
  9 kobolds
  10 rats
101 creatures vanquished.

Notes
Turn   | Place    | Note
-------+----------+-------------------------------------------
     0 | D:1      | vineage the Ogre Fighter began the quest for the Orb.
     0 | D:1      | Reached XP level 1. HP: 24/24 MP: 1/1
    66 | D:1      | Reached XP level 2. HP: 32/32 MP: 2/2
   771 | D:2      | Reached XP level 3. HP: 40/40 MP: 3/3
  1296 | D:2      | Reached XP level 4. HP: 23/49 MP: 4/4
  1679 | D:3      | Reached XP level 5. HP: 22/55 MP: 5/5
  1860 | D:3      | Found the +7 Throatcutter {drain, coup de grace}
  1962 | D:3      | Reached skill level 5 in Fighting
  2135 | D:3      | Found a shimmering altar of Xom.
  2573 | D:4      | Reached XP level 6. HP: 57/66 MP: 6/6
  2656 | D:4      | Found a broken altar of Ashenzari.
  3127 | D:5      | Entered Level 5 of the Dungeon
  3145 | D:5      | Reached XP level 7. HP: 63/74 MP: 7/7
  3249 | D:5      | Reached skill level 6 in Fighting
  3302 | D:5      | Noticed Dowan
  3339 | D:5      | Noticed Duvessa
  3340 | D:5      | Killed Dowan
  3350 | D:5      | Slain by Duvessa

Illustrated notes

Levels and vault maps discovered:
D:1:      dpeg_arrival_line_fractal, layout_basic, minmay_misc_feat_iff
D:2:      layout_loops_cross
D:3:      layout_rooms, mainiacjoe_overflow_small_starburst
D:4:      layout_rooms, nicolae_ashenzari_skybound,
          minmay_misc_feat_four_crosses, minivault_25, minmay_ogre_servants
D:5:      layout_rooms, mainiacjoe_overflow_cross_hatched, tso_altar,
          uniq_duvessa

Skill      XL: |  1  2  3  4  5  6  7 |
---------------+----------------------+-----
Maces & Flails | 2 3 4 |  4.8
Dodging        | 3 4 |  4.2
Fighting       | 5 6 |  6.1
Shields        | 4 |  4.1

Action                   |  1- 3 |  4- 6 |  7- 9 || total
-------------------------+-------+-------+-------++-------
Melee: Flail             |   108 |    11 |       ||   119
       Mace              |       |   108 |       ||   108
       Giant spiked club |       |    45 |    18 ||    63
  Use: Scroll            |     3 |     8 |       ||    11
       Potion            |       |     1 |     4 ||     5
Armor: Robe              |    27 |    75 |     3 ||   105
Dodge: Dodged            |    43 |    99 |     9 ||   151
Block: Kite shield       |    42 |    68 |       ||   110

Table legend: (Time is in decaauts)
 A = Elapsed time spent in this place.
 B = Non-inter-level travel time spent in this place.
 C = Inter-level travel time spent in this place.
 D = Time resting spent in this place.
 E = Time spent auto-exploring this place.
 F = Levels seen in this place.
 G = Mean time per level.
                   A        B        C        D        E       F      G
               +--------+--------+--------+--------+--------+-----+--------+
         Total |   3474 |   3325 |    149 |      0 |   2522 |   5 |  694.8 |
       Dungeon |   3474 |   3325 |    149 |      0 |   2522 |   5 |  694.8 |
               +--------+--------+--------+--------+--------+-----+--------+

Top non-repeatable levels by time:
     D:2: 900 daAuts
     D:4: 821 daAuts
     D:1: 765 daAuts
     D:3: 751 daAuts
     D:5: 234 daAuts
